 Dungeon Crawl Stone Soup version 0.29.1-13-g9f3cf754e1 (webtiles) character file.

Game seed: 6960110798936360313

72 leafyfresh the Covert (level 4, 0/61 HPs)
             Began as a Gnoll Delver on Feb 7, 2023.
             Succumbed to a scorpion's poison
             ... on level 4 of the Dungeon.
             The game lasted 00:01:52 (253 turns).

leafyfresh the Covert (Gnoll Delver)                 Turns: 253, Time: 00:01:52

Health: 0/61       AC:  6    Str: 11    XL:     4   Next: 26%
Magic:  2/5        EV: 12    Int:  9    God:
Gold:   56         SH:  0    Dex: 16    Spells: 5/5 levels left

rFire   . . .      SeeInvis .   k - +2 short sword (holy)
rCold   . . .      Faith    .   (no shield)
rNeg    . . .      Spirit   .   h - +0 ring mail
rPois   .          Reflect  .   i - +0 helmet
rElec   .          Harm     .   (no cloak)
rCorr   .          Rampage  .   (no gloves)
Will    .....                   (no boots)
Stlth   ..........              (no amulet)
HPRegen 0.20/turn               (no ring)
MPRegen 0.09/turn               (no ring)

@: berserking, lethally poisoned (0 -> -2), very quick
A: fangs 1, strong nose, distributed training
a: no special abilities


You were on level 4 of the Dungeon.
You visited 1 branch of the dungeon, and saw 2 of its levels.

You collected 56 gold pieces.

Inventory:

Hand Weapons
 a - a +0 spear
 k - a +2 short sword of holy wrath (weapon)
Armour
 b - a +0 leather armour
 h - a +0 ring mail (worn)
 i - a +0 helmet (worn)
Wands
 g - a wand of digging (3)
Scrolls
 c - a scroll of fog
 d - a scroll of magic mapping
 e - a scroll of fear
 j - a scroll of identify (quivered) {unknown}
 l - a scroll of vulnerability {unknown}
 n - a scroll of blinking {unknown}
Potions
 f - a potion of haste
 m - a potion of berserk rage


   Skills:
 + Level 6.6 Fighting
 + Level 1.1 Short Blades
 + Level 1.1 Long Blades
 + Level 1.1 Axes
 + Level 1.1 Maces & Flails
 + Level 4.6 Polearms
 + Level 1.1 Staves
 + Level 1.1 Ranged Weapons
 + Level 1.1 Throwing
 + Level 1.1 Armour
 + Level 4.6 Dodging
 + Level 9.6 Stealth
 + Level 1.1 Shields
 + Level 1.1 Unarmed Combat
 + Level 1.1 Spellcasting
 + Level 0.9 Conjurations
 + Level 0.9 Hexes
 + Level 0.9 Summonings
 + Level 0.9 Necromancy
 + Level 0.9 Translocations
 + Level 0.9 Transmutations
 + Level 0.9 Fire Magic
 + Level 0.9 Ice Magic
 + Level 0.9 Air Magic
 + Level 0.9 Earth Magic
 + Level 0.9 Poison Magic
 + Level 1.2 Invocations
 + Level 1.1 Evocations


You had 5 spell levels left.
You didn't know any spells.
Your spell library was empty.

Dungeon Overview and Level Annotations

Branches:
Dungeon (5/15)
 Temple: D:4-7

Altars:


Innate Abilities, Weirdness & Mutations

You have very sharp teeth.
Your uncanny sense of smell can sniff out nearby items.
Your experience applies equally to all skills.


Message History

You barely miss the scorpion.
The scorpion is severely wounded.
* * * LOW HITPOINT WARNING * * *
You feel sick. The scorpion closely misses you.
You closely miss the scorpion.
The scorpion is severely wounded.
* * * LOW HITPOINT WARNING * * *
You feel sick. The scorpion stings you.
* * * LOW HITPOINT WARNING * * *
You puncture the scorpion!
You kill the scorpion!
Your Short Blades skill increases to level 1!
Your Long Blades skill increases to level 1!
Your Axes skill increases to level 1!
Your Maces & Flails skill increases to level 1!
Your Staves skill increases to level 1!
Your Ranged Weapons skill increases to level 1!
Your Throwing skill increases to level 1!
Your Armour skill increases to level 1!
Your Shields skill increases to level 1!
Your Unarmed Combat skill increases to level 1!
Your Spellcasting skill increases to level 1!
Your Invocations skill increases to level 1!
Your Evocations skill increases to level 1!
You have reached level 3!
Your experience leads to an increase in your attributes!
Increase (S)trength, (I)ntelligence, or (D)exterity?
You feel agile. x2
You have reached level 4!
You feel agile.
You are too berserk!
* * * LOW HITPOINT WARNING * * *
You feel sick. The dart slug launches a dart at you.
The slug dart hits you but does no damage.
There is an open door here.
You see here a scorpion corpse.
You puncture the dart slug!
You kill the dart slug!
You die...

##### ...+ ...# .# .
...#.Kg.# ... #..##...#
##..#####..##..#
#.....<.#......######
#<......@...........# ...
##.....##...........#....
#.....##...........#....
#......#.................
#....<.#...........8...8.
#......+.............#...
##.....##...........###.#
#..... #............#...
∆.............8...8.


There were no monsters in sight!

Vanquished Creatures
  A scorpion (D:4)
  An adder (D:4)
  A dart slug (D:4)
  An orc (D:4)
  An endoplasm (D:4)
  A kobold (D:4)
6 creatures vanquished.

Notes
Turn   | Place    | Note
-------+----------+-------------------------------------------
     0 | D:5      | Reached skill level 9 in Stealth
     0 | D:5      | leafyfresh the Gnoll Delver began the quest for the Orb.
     0 | D:5      | Reached XP level 1. HP: 23/23 MP: 1/1
    57 | D:4      | Noticed a centaur
   183 | D:4      | Reached XP level 2. HP: 29/29 MP: 2/2
   228 | D:4      | Noticed a scorpion
   250 | D:4      | HP: 1/43 [scorpion (2)]
   251 | D:4      | Killed a scorpion
   252 | D:4      | Reached skill level 1 in Short Blades
   252 | D:4      | Reached skill level 1 in Long Blades
   252 | D:4      | Reached skill level 1 in Axes
   252 | D:4      | Reached skill level 1 in Maces & Flails
   252 | D:4      | Reached skill level 1 in Staves
   252 | D:4      | Reached skill level 1 in Ranged Weapons
   252 | D:4      | Reached skill level 1 in Throwing
   252 | D:4      | Reached skill level 1 in Armour
   252 | D:4      | Reached skill level 1 in Shields
   252 | D:4      | Reached skill level 1 in Unarmed Combat
   252 | D:4      | Reached skill level 1 in Spellcasting
   252 | D:4      | Reached skill level 1 in Invocations
   252 | D:4      | Reached skill level 1 in Evocations
   252 | D:4      | Reached XP level 3. HP: 1/35 MP: 2/4
   252 | D:4      | Reached XP level 4. HP: 2/41 MP: 2/5
   253 | D:4      | Succumbed to a scorpion's poison

Illustrated notes

Levels and vault maps discovered:
D:4:      layout_gridville, minmay_misc_feat_four_crosses
D:5:      layout_basic, minmay_temple_entry_from_below_b, serial_shops, shop,
          minmay_diced_spiral

Skill      XL: |  1  2 |
---------------+-------+-----
Stealth        | |  9.6
Short Blades   | 1 |  1.1
Long Blades    | 1 |  1.1
Axes           | 1 |  1.1
Maces & Flails | 1 |  1.1
Staves         | 1 |  1.1
Ranged Weapons | 1 |  1.1
Throwing       | 1 |  1.1
Armour         | 1 |  1.1
Shields        | 1 |  1.1
Unarmed Combat | 1 |  1.1
Spellcasting   | 1 |  1.1
Invocations    | 1 |  1.2
Evocations     | 1 |  1.1
Fighting       | |  6.6
Polearms       | |  4.6
Dodging        | |  4.6
Conjurations   | |  0.9
Hexes          | |  0.9
Summonings     | |  0.9
Necromancy     | |  0.9
Translocations | |  0.9
Transmutations | |  0.9
Fire Magic     | |  0.9
Ice Magic      | |  0.9
Air Magic      | |  0.9
Earth Magic    | |  0.9
Poison Magic   | |  0.9

Action                   |  1- 3 |  4- 6 || total
-------------------------+-------+-------++-------
Melee: Spear             |    10 |       ||    10
       Short sword       |    20 |     1 ||    21
       Bite              |     2 |       ||     2
  Use: Potion            |     1 |       ||     1
 Stab: Sleeping          |     2 |       ||     2
Armor: Ring mail         |     9 |     1 ||    10
Dodge: Dodged            |    13 |       ||    13
